 Dungeon Crawl Stone Soup version 0.23-a0-584-g44dd78f (webtiles) character file.

36 Lavandula the Sneak (level 3, 2/21 HPs)
             Began as a Halfling Enchanter on Dec 17, 2018.
             Quit the game on level 2 of the Dungeon.
             The game lasted 00:05:16 (817 turns).

Lavandula the Sneak (Halfling Enchanter)             Turns: 817, Time: 00:05:16

Health: 2/21       AC:  2    Str: 14    XL:     3   Next: 57%
Magic:  1/5        EV: 15    Int: 14    God:
Gold:   38         SH:  0    Dex: 14    Spells: 2/5 levels left

rFire    . . .     SeeInvis .   a - +1 dagger
rCold    . . .     Gourm    .   (shield restricted)
rNeg     . . .     Faith    .   b - +0 robe
rPois    .         Spirit   .   (no helmet)
rElec    .         Reflect  .   (no cloak)
rCorr    .         Harm     +   (no gloves)
MR       .....                  (no boots)
Stlth    ++........             g - amulet of harm
HPRegen  0.07/turn              (no ring)
MPRegen  0.09/turn              (no ring)

@: mighty, lethally poisoned (2 -> -8), very slightly contaminated
A: small, mutation resistance 1
a: no special abilities


You were on level 2 of the Dungeon.
You were very hungry.

You visited 1 branch of the dungeon, and saw 2 of its levels.

You collected 38 gold pieces.

Inventory:

Hand Weapons
 a - a +1 dagger (weapon)
 f - a +0 hunting sling
Missiles
 j - a throwing net (quivered)
Armour
 b - a +0 robe (worn)
Jewellery
 e - an uncursed amulet of guardian spirit
 g - an amulet of harm (around neck)
Scrolls
 c - 2 scrolls of identify {unknown}
 i - a scroll of immolation {unknown}
Comestibles
 d - 2 rations


   Skills:
 - Level 0.1 Fighting
 + Level 2.3 Short Blades
 - Level 2.6 Dodging
 - Level 3.7 Stealth
 - Level 1.7 Spellcasting
 - Level 2.6 Hexes


You had 2 spell levels left.
You knew the following spells:

 Your Spells              Type           Power        Failure   Level  Hunger
a - Corona                Hex            #......      9%          1    ##.....
b - Ensorcelled Hibernat  Hex/Ice        #.....       22%         2    ###....

Your spell library contained the following spells:

 Spells                   Type           Power        Failure   Level  Hunger
 Confuse                  Hex            #.......     26%         3    ####...
 Tukima's Dance           Hex            #.......     26%         3    ####...
 Dazzling Spray           Conj/Hex       #.....       41%         3    ####...


Dungeon Overview and Level Annotations

Branches:
Dungeon (2/15)

Altars:


Innate Abilities, Weirdness & Mutations

You are small and have problems with some larger weapons.
You are somewhat resistant to further mutation.


Message History

Anything else - Cancel.
You shout for attention!
The bat completely misses you. The adder bites you.
You are poisoned.
The adder poisons you! The bat hits you but does no damage.
You feel sick. The bat barely misses you. The adder bites you.
The bat barely misses you. The adder bites you.
* * * LOW HITPOINT WARNING * * *
You are more poisoned.
The adder poisons you!
* * * LOW HITPOINT WARNING * * *
You feel sick. The bat closely misses you.
There is a stone staircase leading up here.
It was a potion of might.
You feel very mighty all of a sudden.
* * * LOW HITPOINT WARNING * * *
You feel sick. The adder barely misses you. The bat closely misses you.
The adder barely misses you.
Unknown command.
Are you sure you want to abandon this character and quit the game? (Confirm

.# ###. #.# .# ... #.#
.# #..# #.# .#
##########..#######.####
.#
#...........#..........#
.#
#.#######..............#
.# #.# #...........####
.###)## #...#b###K#.#
#.#...######...#@# #.#.#
##..............S###.#.#
#.#...######.....K...#.#
.###.## ##..#######.#
####.########..........#
.......K.......#########
.############### .# .#


You could see an adder, a bat and a kobold.

Vanquished Creatures
  A worm (D:2)
  A leopard gecko (D:1)
  4 bats
  2 giant cockroaches
  4 goblins
  3 hobgoblins (D:1)
  5 jackals (D:1)
  2 kobolds
  6 frilled lizards (D:1)
  2 rats (D:1)
30 creatures vanquished.

Notes
Turn   | Place    | Note
-------+----------+-------------------------------------------
     0 | D:1      | Lavandula the Halfling Enchanter began the quest for the
                  | Orb.
     0 | D:1      | Reached XP level 1. HP: 11/11 MP: 3/3
   136 | D:1      | Reached XP level 2. HP: 17/17 MP: 4/4
   292 | D:1      | Learned a level 2 spell: Ensorcelled Hibernation
   383 | D:1      | Reached XP level 3. HP: 13/21 MP: 2/5
   817 | D:2      | Quit the game

Vault maps used:
D:1:      lightli_arrival_lavapool, serial_bayou_lagoon_a
D:2:      lemuel_coloured_pillars_altar, serial_park_tiny_1

Skill      XL: |  1  2  3 |
---------------+----------+-----
Short Blades   | 2 |  2.3
Fighting       | |  0.1
Dodging        | |  2.6
Stealth        | |  3.7
Spellcasting   | |  1.7
Hexes          | |  2.6

Action                   || total
-------------------------++-------
Melee: Dagger            ||   106
 Cast: Corona            ||    13
       Ensorcelled Hiber ||    12
  Use: Potion            ||     1
 Stab: Sleeping          ||    10
Armor: Robe              ||    40
Dodge: Dodged            ||   160

Table legend:
 A = Non-vault XP
 B = Vault XP
 C = Vault XP percentage of total XP
 D = Non-vault monster count
 E = Vault monster count
 F = Vault count percentage of total count
                 A         B        C        D         E       F
            +---------+---------+-------+---------+---------+-------
      Total |      52 |       0 |   0.0 |      30 |       0 |   0.0
            +---------+---------+-------+---------+---------+-------
        D:1 |      38 |       0 |   0.0 |      24 |       0 |   0.0
        D:2 |      14 |       0 |   0.0 |       6 |       0 |   0.0
            +---------+---------+-------+---------+---------+-------
